 Dungeon Crawl Stone Soup version 0.29-a0-352-g0917bc69df (webtiles) character file.

Game seed: 17679570684038643860

18324 bande the Cleaver (level 12, -8/75 HPs)
             Began as a Gargoyle Fighter on Apr 24, 2022.
             Was a High Priest of Okawaru.
             Mangled by a wolf spider (14 damage)
             ... on level 2 of the Lair of Beasts.
             The game lasted 00:30:01 (12567 turns).

bande the Cleaver (Gargoyle Fighter)               Turns: 12567, Time: 00:30:02

Health: -8/75      AC: 25    Str: 21    XL:     12   Next: 57%
Magic:  15/15      EV:  5    Int:  9    God:    Okawaru [*****.]
Gold:   699        SH: 15    Dex: 13    Spells: 11/11 levels left

rFire   . . .      SeeInvis +   a - +1 war axe (flame)
rCold   + . .      Faith    .   F - +0 tower shield
rNeg    + . .      Spirit   .   o - +0 chain mail
rPois   ∞          Reflect  .   y - +2 helmet of Mazuank {rC+ SInv}
rElec   +          Harm     .   (no cloak)
rCorr   +          Rampage  .   C - +0 pair of gloves
Will    .....                   (no boots)
Stlth   ..........              i - amulet of regeneration
HPRegen 1.02/turn               A - +4 ring of slaying
MPRegen 0.14/turn               d - ring of resist corrosion

@: no status effects
A: sickness immunity, AC +8, negative energy resistance 1, electricity
resistance, torment resistance 1, petrification resistance
a: Renounce Religion, Heroism, Finesse, Duel


You were on level 2 of the Lair of Beasts.
You worshipped Okawaru.
Okawaru was extremely pleased with you.
You visited 3 branches of the dungeon, and saw 14 of its levels.

You collected 699 gold pieces.

Inventory:

Hand Weapons
 a - a +1 war axe of flaming (weapon)
 H - a +0 spectral broad axe
Missiles
 G - 2 throwing nets (quivered)
Armour
 o - a +0 chain mail (worn)
 y - the +2 helmet of Mazuank (worn) {rC+ SInv}
   (You found it on level 6 of the Dungeon)

   rC:        It protects you from cold.
   SInv:      It lets you see invisible.
 B - a +0 hat of intelligence
 C - a +0 pair of gloves (worn)
 F - a +0 tower shield (worn)
Jewellery
 b - an amulet of reflection
 c - an amulet of magic regeneration
 d - a ring of resist corrosion (right hand)
 e - a ring of ice
 i - an amulet of regeneration (around neck)
 m - a ring of see invisible
 A - a +4 ring of slaying (left hand)
Wands
 n - a wand of iceblast (8)
 w - a wand of polymorph (13)
Scrolls
 h - 4 scrolls of enchant armour
 k - 5 scrolls of fear
 p - 4 scrolls of fog
 q - a scroll of holy word
 r - 3 scrolls of enchant weapon
 u - 2 scrolls of amnesia
 x - 4 scrolls of teleportation
 z - a scroll of blinking
Potions
 f - a potion of curing
 g - 2 potions of haste
 j - 2 potions of cancellation
 l - 2 potions of magic
 s - a potion of might
 t - a potion of flight
 v - a potion of brilliance
 D - 2 potions of mutation
 E - a potion of heal wounds
 I - a potion of berserk rage
 J - a potion of invisibility {unknown}


   Skills:
 + Level 8.7 Fighting
 + Level 11.4 Axes
 + Level 9.6 Armour
 + Level 8.6 Shields
 * Level 4.8 Invocations
 * Level 8.0 Evocations


You had 11 spell levels left.
You didn't know any spells.
Your spell library contained the following spells:

 Spells                   Type           Power      Damage    Failure   Level
 Pain                     Necr           0%         1d4       100%        1
 Inner Flame              Hex/Fire       0%         N/A       100%        3
 Portal Projectile        Hex/Tloc       0%         N/A       100%        3
 Vampiric Draining        Necr           0%         2d6       100%        3
 Cause Fear               Hex            0%         N/A       100%        4
 Borgnjor's Vile Clutch   Necr/Erth      0%         N/A       100%        5
 Discord                  Hex            0%         N/A       100%        8
 Animate Skeleton         Necr           Unusable   N/A       N/A         1
 Summon Small Mammal      Summ           Unusable   N/A       N/A         1
 Call Canine Familiar     Summ           Unusable   N/A       N/A         3
 Summon Guardian Golem    Hex/Summ       Unusable   N/A       N/A         3

Dungeon Overview and Level Annotations

Branches:
Dungeon (11/15)            Temple (1/1) D:4            Lair (2/6) D:10
 Spider (0/4) Lair:2
  Swamp: Lair:2-4    Shoals: Lair:2-4       Orc: D:9-12

Altars:
Ashenzari
Cheibriados
Dithmenos
Elyvilon
Fedhas
Gozag
Hepliaklqana
Kikubaaqudgha
Makhleb
Nemelex Xobeh
Okawaru
Qazlal
Ru
Sif Muna
Trog
Uskayaw
Vehumet
Wu Jian
Xom
Yredelemnul
Zin
The Shining One

Annotations:
D:6 Antichthon's ghost, novice NaWr


Innate Abilities, Weirdness & Mutations

You are immune to sickness and miasma.
Your stone body is resilient. (AC +8)
You are immune to poison.
You resist negative energy. (rN+)
You are resistant to electric shocks. (rElec)
You are resistant to unholy torment.
You are immune to petrification.


Message History

The culicivora attacks as you move away!
You block the culicivora's attack.
The jumping spider's wounds heal themselves!
The culicivora is healed somewhat.
The culicivora attacks as you move away!
The culicivora completely misses you.
The wolf spider attacks as you move away!
The wolf spider hits you!
* * * LOW HITPOINT WARNING * * *
The wolf spider barely misses you.
The jumping spider leaps!
The culicivora's wounds heal themselves! x2
The jumping spider leaps!
You block the wolf spider's attack.
The wolf spider bites you but does no damage.
The wolf spider attacks as you move away!
The wolf spider hits you but does no damage.
The wolf spider bites you but does no damage.
You block the jumping spider's attack. The jumping spider bites you.
* * * LOW HITPOINT WARNING * * *
You block the wolf spider's attack.
The wolf spider bites you but does no damage.
The culicivora attacks as you move away!
You block the culicivora's attack.
The wolf spider attacks as you move away!
You block the wolf spider's attack.
The wolf spider bites you but does no damage.
The jumping spider pounces on you but does no damage.
The jumping spider barely misses you.
The jumping spider attacks as you move away!
You block the jumping spider's attack. x2
The culicivora attacks as you move away!
The culicivora completely misses you.
The wolf spider attacks as you move away!
You block the wolf spider's attack. x2; The jumping spider leaps!
You block the wolf spider's attack. The wolf spider bites you!
* * * LOW HITPOINT WARNING * * *
The culicivora bites you!
* * * LOW HITPOINT WARNING * * *
The wolf spider attacks as you move away!
The wolf spider hits you!
You die...

#..........#..## #...#
#.............## .#..#
P..............##...#
........#...○.##....# ###
........#....###....###.###
..............##...##.....##
.........##...s............##
.##P...# #..#.s#...........#
##... #....#s@...........##
.. ###........<....P...####
#.........#...........
##.....P.##....#######
.......###....## # ###.....#
###...# #....## ##### #....#
#P#


You could see a wolf spider and 2 culicivoras.

Vanquished Creatures
  Gastronok (Lair:2)
  Harold (D:10)
  A boulder beetle (D:7)
  2 two-headed ogres
  A black mamba (Lair:1)
  A torpor snail (Lair:2)
  A gargoyle (D:7)
  A rime drake (Lair:1)
  2 komodo dragons
  2 trolls
  Sigmund (D:4)
  6 wyverns
  A basilisk (Lair:2)
  Eustachio (D:6)
  39 yaks
  A redback (Lair:2)
  A steam dragon (D:4)
  2 vampire mosquitoes (D:10)
  11 water moccasins
  4 black bears
  2 orc warriors (D:8)
  A sky beast (D:8)
  3 ogres
  2 centaurs
  3 kobold brigands
  2 phantoms
  4 bullfrogs
  A gnoll sergeant (D:9)
  8 scorpions
  4 necrophages
  3 wights
  9 killer bees
  3 electric eels (Lair:1)
  3 howler monkeys
  2 jellies
  6 orc priests
  4 hounds
  2 iguanas
  Natasha (twice) (D:4)
  12 orc wizards
  15 gnolls
  6 adders
  3 shadow imps (D:7)
  2 white imps
  4 ufetubi
  A worm (D:2)
  2 dart slugs
  32 orcs
  8 bats
  3 endoplasms
  4 giant cockroaches
  4 goblins
  16 hobgoblins
  6 jackals
  19 kobolds
  3 quokkas
  6 ball pythons
  4 frilled lizards
  2 rats (D:2)
296 creatures vanquished.

Vanquished Creatures (others)
  6 fungi
  25 plants
31 creatures vanquished.

Grand Total: 327 creatures vanquished

Notes
Turn   | Place    | Note
-------+----------+-------------------------------------------
     0 | D:1      | bande the Gargoyle Fighter began the quest for the Orb.
     0 | D:1      | Reached XP level 1. HP: 14/14 MP: 1/1
   225 | D:1      | Reached XP level 2. HP: 19/19 MP: 2/2
   939 | D:2      | Reached skill level 2 in Axes
   939 | D:2      | Reached XP level 3. HP: 24/24 MP: 3/3
  1006 | D:2      | Found a sparkling altar of Nemelex Xobeh.
  1659 | D:2      | Reached XP level 4. HP: 29/29 MP: 4/4
  1810 | D:3      | Reached skill level 1 in Evocations
  1810 | D:3      | Reached XP level 5. HP: 24/33 MP: 5/5
  1867 | D:3      | Reached skill level 3 in Axes
  1948 | D:3      | Reached XP level 6. HP: 38/38 MP: 6/6
  2233 | D:4      | Noticed Sigmund
  2234 | D:4      | Noticed a black bear
  2258 | D:4      | Killed Sigmund
  2259 | D:4      | Reached skill level 4 in Axes
  2259 | D:4      | Reached XP level 7. HP: 42/44 MP: 7/7
  2390 | D:4      | Found a staircase to the Ecumenical Temple.
  2401 | Temple   | Entered the Ecumenical Temple
  2633 | D:4      | Reached skill level 5 in Axes
  2735 | D:4      | Noticed Natasha
  2737 | D:4      | Killed Natasha
  2800 | D:4      | Reached XP level 8. HP: 48/48 MP: 8/8
  2821 | D:4      | Reached skill level 5 in Shields
  2842 | D:4      | Reached skill level 5 in Fighting
  3262 | D:4      | Noticed Natasha
  3277 | D:4      | Killed Natasha
  3296 | D:4      | Found a bloodstained altar of Trog.
  3539 | D:5      | Entered Level 5 of the Dungeon
  3558 | D:5      | Reached skill level 6 in Axes
  3570 | D:5      | Reached skill level 5 in Armour
  3935 | D:5      | Got the Catalogue of Dislocation and Darkness
  4340 | D:5      | Reached XP level 9. HP: 54/54 MP: 9/9
  4633 | D:6      | Found a stormy altar of Qazlal.
  4633 | D:6      | Found a shadowy altar of Dithmenos.
  4635 | D:6      | Found a burning altar of Makhleb.
  4639 | D:6      | Reached skill level 7 in Axes
  4799 | D:6      | Found a runed translucent gate.
  4799 | D:6      | Noticed Antichthon's ghost (novice NaWr)
  4811 | D:6      | Found a runed translucent gate.
  4812 | D:6      | Found a runed translucent gate.
  4996 | D:6      | Identified the +2 helmet of Mazuank {rC+ SInv}
  5046 | D:6      | Noticed a troll
  5055 | D:6      | Killed a troll
  5387 | D:6      | Noticed Eustachio
  5403 | D:6      | Reached skill level 5 in Evocations
  5448 | D:6      | Killed Eustachio
  5449 | D:6      | Reached skill level 8 in Axes
  5822 | D:7      | Noticed a gargoyle
  5834 | D:7      | Killed a gargoyle
  5835 | D:7      | Reached XP level 10. HP: 21/61 MP: 10/10
  6715 | D:7      | Noticed a boulder beetle
  6740 | D:7      | Killed a boulder beetle
  7176 | D:7      | You fall into a shaft and drop 3 floors!
  7176 | D:10     | Entered Level 10 of the Dungeon
  7176 | D:10     | Found a staircase to the Lair.
  7388 | D:10     | Reached skill level 9 in Axes
  7668 | D:10     | Reached XP level 11. HP: 17/67 MP: 11/11
  8709 | D:8      | Found an iron altar of Okawaru.
  8716 | D:8      | Became a worshipper of Warmaster Okawaru
  8729 | D:8      | Reached skill level 10 in Axes
  9906 | D:9      | Noticed a two-headed ogre
  9907 | D:9      | Noticed a two-headed ogre
  9927 | D:8      | Killed a two-headed ogre
  9928 | D:8      | Reached skill level 1 in Invocations
 10286 | D:9      | Killed a two-headed ogre
 10286 | D:9      | Reached * piety under Okawaru
 10600 | D:10     | Noticed a +0 hand axe
 10600 | D:10     | Noticed a +0 dagger
 10671 | D:10     | Found a hide-covered altar of Uskayaw.
 10791 | D:10     | Noticed Harold
 10806 | D:10     | Killed Harold
 10806 | D:10     | Reached ** piety under Okawaru
 11255 | Lair:1   | Entered Level 1 of the Lair of Beasts
 11318 | Lair:1   | Reached *** piety under Okawaru
 11427 | Lair:1   | Reached XP level 12. HP: 60/74 MP: 14/14
 11553 | Lair:1   | Reached **** piety under Okawaru
 11675 | Lair:1   | Reached skill level 11 in Axes
 12114 | Lair:2   | Noticed Gastronok
 12148 | Lair:2   | Killed Gastronok
 12495 | Lair:2   | Reached ***** piety under Okawaru
 12545 | Lair:2   | Found a hole to the Spider Nest.
 12567 | Lair:2   | Mangled by a wolf spider

Illustrated notes

Levels and vault maps discovered:
D:1:      onia_arrival_mini_spirals, layout_loops_corners
D:2:      layout_loops_ring, basic_altar, serial_bayou_pond_a
D:3:      layout_rooms
D:4:      layout_gridville, trog_hazing_becter,
          minmay_temple_entry_gardened_gates, uniq_natasha, uniq_sigmund
D:5:      cheibrodos_thug_alley, layout_loops_corners, minmay_misc_feat_doors
D:6:      layout_loops_cross, chequers_temple_overflow_statue_of_worship,
          gammafunk_ghost_split, uniq_eustachio
D:7:      layout_layer_cave
D:8:      layout_basic, okawaru_ov_weapons_minmay
D:9:      layout_cave_pools, minmay_misc_feat_five
D:10:     layout_stronghold, dancing_weapons_uskayaw, minmay_lair_entry_grove,
          nrook_campfire, uniq_harold
D:11:     minmay_polygon_palace, layout_long_grid, david_orc_2, xom_teletrap_fun
Temple:   regret_index_temple_sphere_string
Lair:1:   layout_chaotic_city, serial_bayou_lake_a
Lair:2:   layout_misc_corridors, spider_nest_entry_funnel_web, uniq_gastronok

Skill      XL: |  1  2  3  4  5  6  7  8  9 10 11 12 |
---------------+-------------------------------------+-----
Axes           | 2 3 4 5 6 8 9 10 11 | 11.4
Armour         | 4 5 6 8 9 |  9.6
Evocations     | 1 2 3 4 5 6 7 8 |  8.0
Shields        | 4 5 6 7 8 |  8.6
Fighting       | 4 5 6 7 8 |  8.7
Invocations    | 3 4 |  4.8

Action                   |  1- 3 |  4- 6 |  7- 9 | 10-12 || total
-------------------------+-------+-------+-------+-------++-------
Melee: War axe           |    90 |    70 |   399 |   531 ||  1090
Invok: Heroism           |       |       |       |     1 ||     1
  Use: Scroll            |    10 |     2 |     3 |    12 ||    27
       Potion            |       |       |       |     8 ||     8
Armor: Scale mail        |    71 |       |       |       ||    71
       Chain mail        |    10 |    51 |   299 |   429 ||   789
Dodge: Dodged            |    52 |    31 |   172 |   164 ||   419
Block: Buckler           |    26 |    32 |   146 |   121 ||   325
       Tower shield      |       |       |       |   232 ||   232

Table legend: (Time is in decaauts)
 A = Elapsed time spent in this place.
 B = Non-inter-level travel time spent in this place.
 C = Inter-level travel time spent in this place.
 D = Time resting spent in this place.
 E = Time spent auto-exploring this place.
 F = Levels seen in this place.
 G = Mean time per level.
                   A        B        C        D        E       F      G
               +--------+--------+--------+--------+--------+-----+--------+
         Total |  12861 |  12691 |    170 |   2136 |   6868 |  14 |  918.6 |
       Dungeon |  11287 |  11117 |    170 |   2112 |   5790 |  11 | 1026.1 |
        Temple |    180 |    180 |      0 |      0 |    126 |   1 |  180.0 |
          Lair |   1393 |   1393 |      0 |     24 |    952 |   2 |  696.5 |
               +--------+--------+--------+--------+--------+-----+--------+

Top non-repeatable levels by time:
     D:8: 1711 daAuts
     D:7: 1558 daAuts
    D:10: 1543 daAuts
     D:6: 1432 daAuts
     D:4: 1202 daAuts
     D:5: 1119 daAuts
     D:2: 927 daAuts
     D:1: 912 daAuts
  Lair:1: 878 daAuts
  Lair:2: 515 daAuts
     D:9: 463 daAuts
     D:3: 415 daAuts
  Temple: 180 daAuts
    D:11: 1 daAuts
